Map: [ESL] Data-C

Players

Maplez

  • Race: Protoss Protoss
  • Spawn Location: 3:00

FightingFrog - Winner!

  • Race: Protoss Protoss
  • Spawn Location: 9:00

Event: DreamHack SC2 Masters 2022 Valencia

VOD

Have the link to the VOD?

Description

Time

  • Played on: July 1, 2022, 2:51 p.m.
  • Length: 16:13

All games in this series

Show
View Real Time Build Order
Export as new Build Order

Maplez Protoss 

Build Orders: Blink Stalkers 

Get SALT Encoding   

  12  0:00  Probe  
  13  0:12  Probe  
  14  0:17  Pylon  
  14  0:24  Probe (Chrono Boost)  
  15  0:37  Probe (Chrono Boost)  
  15  0:38  Gateway  
  16  0:43  Probe (Chrono Boost)  
  16  0:46  Assimilator  
  17  0:51  Probe  
  18  0:58  Assimilator  
  18  1:03  Probe (Chrono Boost)  
  19  1:10  Gateway  
  19  1:13  Probe (Chrono Boost)  
  19  1:18  Probe (Chrono Boost)  
  21  1:26  Cybernetics Core  
  21  1:30  Probe  
  22  1:37  Pylon  
  22  1:42  Probe  
  23  1:55  Probe  
  24  2:08  Warp Gate (Chrono Boost)  
  24  2:11  Adept x2  
  28  2:26  Pylon  
  28  2:38  Probe  
  29  2:47  Nexus  
  29  2:49  Twilight Council  
  29  2:50  Probe  
  30  3:01  Stalker  
  30  3:05  Stalker  
  34  3:09  Probe  
  35  3:19  Pylon  
  35  3:22  Probe, Blink (Chrono Boost)  
  36  3:39  Probe  
  37  3:53  Probe (Chrono Boost)  
  38  4:00  Probe (Chrono Boost)  
  39  4:04  Forge  
  39  4:09  Probe x2 (Chrono Boost)  
  39  4:14  Stalker x2, Probe (Chrono Boost)  
  39  4:15  Probe  
  45  4:26  Pylon, Probe  
  45  4:27  Probe  
  47  4:35  Protoss Ground Weapons Level 1  
  47  4:38  Probe  
  47  4:40  Probe  
  47  4:43  Gateway  
  47  4:44  Gateway  
  49  4:50  Probe  
  49  4:51  Stalker  
  52  4:54  Probe  
  53  5:00  Stalker  
  53  5:02  Probe  
  53  5:03  Charge (Chrono Boost)  
  56  5:11  Gateway  
  56  5:16  Stalker  
  56  5:18  Pylon  
  58  5:31  Nexus  
  58  5:37  Stalker  
  58  5:41  Gateway  
  60  5:53  Zealot x3  
  60  5:55  Shield Battery  
  64  6:06  Gateway  
  64  6:07  Gateway  
  64  6:11  Zealot x2  
  68  6:13  Shield Battery  
  68  6:17  Zealot  
  70  6:20  Zealot  
  70  6:21  Sentry  
  74  6:29  Shield Battery  
  74  6:33  Zealot x2  
  78  6:41  Pylon  
  78  6:42  Probe x2  
  78  6:44  Protoss Ground Weapons Level 2 (Chrono Boost)  
  81  6:47  Sentry  
  81  6:52  Templar Archives  
  83  6:54  Probe x2  
  84  7:01  Zealot  
  84  7:05  Probe  
  84  7:06  Probe  
  88  7:10  Robotics Facility  
  88  7:11  Probe  
  89  7:17  Probe  
  89  7:18  Adept x2  
  89  7:21  Zealot  
  96  7:30  Probe  
  97  7:48  Zealot x2  
  97  7:49  Zealot x2  
  99  7:56  High Templar x2  
  101  7:59  Pylon  
  101  8:00  Pylon, Archon  
  101  8:04  Pylon x3  
  101  8:05  Assimilator  
  101  8:08  Pylon x2  
  101  8:11  Assimilator  
  101  8:15  Pylon  
  101  8:18  Probe x3  
  104  8:26  Warp Prism (Chrono Boost)  
  104  8:30  Probe x3  
  109  8:35  High Templar x2, Zealot x3  
  115  8:42  Archon, Probe x3  
  115  8:43  Zealot x3  
  124  8:51  Pylon  
  124  8:54  Observer (Chrono Boost), Probe  
  126  9:01  Nexus, Pylon  
  126  9:11  Assimilator  
  126  9:12  High Templar x2, Zealot x4  
  138  9:17  Archon  
  138  9:18  Zealot x2  
  138  9:22  Probe x3  
  145  9:25  Protoss Ground Weapons Level 3 (Chrono Boost)  
  145  9:37  Probe x3  
  148  9:43  Dark Shrine  
  148  9:49  Probe  
  148  9:52  Probe  
  136  9:53  Observer  
  136  9:55  Stalker x3  
  114  10:00  Probe (Chrono Boost)  
  115  10:09  Probe (Chrono Boost)  
  115  10:10  Zealot x5  
  115  10:11  Robotics Bay  
  128  10:17  Probe (Chrono Boost)  
  128  10:18  Probe (Chrono Boost)  
  128  10:20  Probe (Chrono Boost)  
  129  10:23  Robotics Facility  
  129  10:25  Probe x4 (Chrono Boost)  
  133  10:34  Observer  
  133  10:35  Zealot x8  
  141  10:39  Warp Prism (Chrono Boost)  
  151  10:43  Pylon  
  151  10:46  Assimilator x2  
  151  10:54  Shadow Stride (Chrono Boost)  
  151  11:05  Observer (Chrono Boost)  
  151  11:08  Dark Templar x4  
  159  11:15  Disruptor (Chrono Boost)  
  157  11:22  Zealot  
  157  11:23  Zealot x2  
  164  11:42  Zealot x5  
  166  12:03  Protoss Shields Level 1 (Chrono Boost)  
  166  12:05  Disruptor x2 (Chrono Boost)  
  166  12:07  Zealot x8  
  160  12:14  Probe  
  143  12:20  Probe  
  132  12:34  Probe  
  132  12:35  Dark Templar x3  
  132  12:36  Dark Templar x5  
  141  12:42  Nexus  
  135  12:45  Pylon  
  135  12:46  Observer x2  
  137  13:04  Gateway  
  137  13:05  Gateway  
  137  13:07  Photon Cannon  
  125  13:15  Stalker x2  
  125  13:16  Stalker x6  
  141  13:30  Nexus  
  141  13:33  Gateway, Assimilator  
  141  13:35  Gateway  
  141  13:36  Pylon  
  141  13:37  Gateway  
  141  13:38  Gateway x2, Assimilator  
  141  13:42  Pylon, Zealot  
  141  13:43  Pylon, Gateway  
  141  13:47  Assimilator  
  121  13:51  Stalker x7  
  129  14:01  Warp Prism (Chrono Boost)  
  129  14:06  Observer (Chrono Boost)  
  129  14:07  Nexus  
  132  14:14  Pylon  
  132  14:18  Dark Templar x4  
  132  14:19  Nexus  
  140  14:30  Pylon  
  138  14:34  Stargate  
  138  14:36  Stargate  
  138  14:38  Stargate  
  136  14:41  Stalker x5  
  144  14:59  Stargate  
  144  15:02  Pylon  
  144  15:15  Assimilator  
  144  15:16  Assimilator  
  144  15:24  Fleet Beacon  
  144  15:30  Dark Templar x6  
  112  16:09  Stalker x9  
Show
View Real Time Build Order
Export as new Build Order

FightingFrog Protoss - Winner!

Build Orders: Phoenix Opening, Carriers 

Get SALT Encoding   

  12  0:00  Probe  
  13  0:12  Probe  
  14  0:17  Pylon  
  14  0:24  Probe (Chrono Boost)  
  15  0:36  Probe (Chrono Boost)  
  15  0:39  Gateway  
  16  0:45  Probe (Chrono Boost)  
  16  0:49  Assimilator  
  17  0:51  Probe  
  18  1:03  Probe (Chrono Boost)  
  19  1:04  Assimilator  
  19  1:06  Pylon  
  20  1:12  Probe (Chrono Boost)  
  20  1:17  Probe (Chrono Boost)  
  21  1:26  Cybernetics Core  
  21  1:29  Probe  
  21  1:32  Zealot  
  24  1:41  Probe  
  25  1:53  Probe  
  26  2:04  Warp Gate  
  26  2:05  Probe  
  29  2:14  Nexus  
  29  2:15  Sentry  
  29  2:17  Probe  
  30  2:24  Pylon  
  30  2:30  Pylon  
  31  2:41  Probe  
  31  2:45  Robotics Facility  
  31  2:49  Stalker, Phoenix  
  33  2:58  Gateway  
  33  2:59  Probe  
  34  3:05  Shield Battery  
  34  3:11  Probe  
  35  3:17  Shield Battery  
  35  3:20  Shield Battery  
  35  3:25  Stalker  
  38  3:40  Immortal (Chrono Boost)  
  41  3:50  Pylon  
  41  3:54  Sentry  
  43  4:02  Shield Battery  
  43  4:05  Stalker  
  43  4:09  Immortal (Chrono Boost)  
  47  4:10  Phoenix  
  47  4:15  Probe x2  
  51  4:20  Stalker  
  51  4:23  Phoenix  
  53  4:28  Stalker  
  55  4:38  Probe, Immortal (Chrono Boost)  
  56  4:42  Probe  
  61  4:48  Pylon  
  61  4:52  Probe  
  62  5:01  Pylon  
  62  5:06  Probe  
  63  5:09  Warp Prism (Chrono Boost)  
  63  5:12  Pylon  
  63  5:13  Probe  
  66  5:18  Probe  
  67  5:25  Probe  
  68  5:29  Stalker  
  68  5:30  Stalker, Probe  
  73  5:35  Twilight Council  
  73  5:37  Probe  
  73  5:39  Pylon  
  73  5:40  Phoenix  
  73  5:42  Probe, Assimilator  
  75  5:57  Stalker x2  
  75  6:00  Pylon, Probe x2  
  81  6:07  Blink (Chrono Boost)  
  81  6:12  Probe x2  
  81  6:15  Forge  
  83  6:19  Assimilator  
  83  6:24  Probe x2  
  85  6:30  Stalker x2  
  89  6:36  Probe x2  
  91  6:40  Protoss Ground Weapons Level 1  
  91  6:42  Nexus, Pylon  
  91  6:48  Pylon  
  91  6:52  Observer  
  91  6:54  Probe x2  
  93  7:05  Sentry, Zealot  
  93  7:06  Probe x2  
  99  7:18  Probe  
  99  7:19  Probe, Shield Battery  
  99  7:21  Photon Cannon x2  
  102  7:23  Observer (Chrono Boost), Pylon  
  102  7:26  Robotics Bay  
  102  7:30  Probe  
  102  7:31  Probe  
  104  7:40  Stalker x2  
  104  7:43  Probe x2  
  104  7:55  Probe x2  
  104  7:56  Observer  
  107  8:03  Probe  
  108  8:07  Probe x2, Assimilator  
  108  8:11  Assimilator  
  110  8:13  Robotics Facility  
  110  8:15  Phoenix  
  110  8:16  Disruptor (Chrono Boost), Photon Cannon, Probe  
  110  8:19  Pylon, Probe x2  
  116  8:28  Probe  
  116  8:31  Probe  
  116  8:42  Protoss Ground Weapons Level 2 (Chrono Boost)  
  119  8:50  Disruptor (Chrono Boost)  
  119  8:52  Pylon  
  119  8:54  Photon Cannon  
  119  8:55  Photon Cannon  
  119  8:57  Pylon  
  122  9:02  Disruptor (Chrono Boost)  
  122  9:06  Photon Cannon  
  122  9:10  Stalker x2  
  122  9:14  Disruptor (Chrono Boost), Gateway  
  122  9:15  Observer  
  122  9:16  Gateway  
  129  9:17  Pylon  
  129  9:20  Photon Cannon  
  129  9:23  Disruptor (Chrono Boost)  
  129  9:26  Shield Battery  
  130  9:38  Stalker x2  
  130  9:43  Disruptor (Chrono Boost)  
  137  9:45  Probe  
  137  9:47  Probe  
  137  9:50  Observer  
  137  9:51  Disruptor  
  139  9:53  Probe  
  139  9:58  Probe  
  139  9:59  Probe  
  140  10:10  Probe  
  141  10:14  Pylon  
  141  10:20  Nexus  
  141  10:21  Pylon, Stargate  
  143  10:23  Disruptor (Chrono Boost)  
  143  10:24  Disruptor (Chrono Boost)  
  143  10:27  Zealot x3  
  152  10:30  Charge  
  152  10:33  Protoss Air Weapons Level 1 (Chrono Boost), Pylon  
  152  10:43  Photon Cannon  
  152  10:51  Photon Cannon  
  152  10:52  Observer, Photon Cannon  
  152  10:53  Photon Cannon x2  
  152  10:54  Observer  
  154  10:58  Shield Battery  
  154  10:59  Shield Battery  
  154  11:04  Pylon  
  154  11:21  Fleet Beacon, Stargate  
  154  11:24  Stargate  
  154  11:25  Photon Cannon  
  154  11:26  Stargate  
  154  11:42  Assimilator  
  154  11:45  Assimilator  
  139  12:09  Carrier (Chrono Boost)  
  139  12:10  Carrier x3 (Chrono Boost)  
  140  12:26  Zealot x4  
  144  12:32  Disruptor  
  144  12:33  Disruptor  
  148  12:43  Shield Battery  
  148  12:45  Protoss Air Weapons Level 2 (Chrono Boost)  
  148  12:49  Pylon  
  148  12:54  Photon Cannon  
  148  12:56  Photon Cannon  
  148  12:57  Gateway  
  148  12:59  Gateway  
  148  13:00  Pylon  
  166  13:23  Carrier x3 (Chrono Boost)  
  166  13:25  Protoss Shields Level 1 (Chrono Boost)  
  166  13:26  Zealot  
  166  13:34  Observer  
  166  13:37  Carrier (Chrono Boost)  
  172  13:54  Nexus  
  172  13:57  Observer x2, Pylon  
  172  14:00  Gravitic Boosters  
  174  14:10  Dark Shrine  
  174  14:14  Cybernetics Core  
  171  14:29  Photon Cannon  
  171  14:34  Photon Cannon  
  171  14:37  Photon Cannon  
  162  14:53  Carrier (Chrono Boost)  
  162  14:54  Carrier (Chrono Boost)  
  162  14:58  Carrier x2 (Chrono Boost)  
  185  15:00  Observer x2  
  185  15:06  Observer  
  186  15:25  Photon Cannon  
  186  15:26  Observer, Photon Cannon  
  186  15:29  Photon Cannon  
  186  15:30  Photon Cannon x2  
  186  15:33  Photon Cannon  
  186  15:34  Shield Battery  
  186  15:35  Shield Battery  
  186  15:38  Pylon  
  186  15:40  Pylon  
  186  15:42  Pylon  
  183  15:44  Dark Templar  
  183  15:45  Dark Templar x5  
  183  15:46  Probe  
  183  15:48  Probe  
  197  15:52  Probe  
  197  15:56  Probe  
  194  15:59  Pylon, Probe  

Tags
 
Add a new tag
Caveats
  • Supply blocks, unpowered buildings, or Contaminate may cause inaccurate times.
  • Supply counts are checked every 10 seconds.